Map: Data-C

Players

Oliveira

  • Race: Terran Terran
  • League: Grandmaster
  • Spawn Location: 9:00

Maru - Winner!

  • Race: Terran Terran
  • League: Master
  • Spawn Location: 3:00

VOD

Have the link to the VOD?

Description

Time

  • Played on: Oct. 20, 2022, 7:47 a.m.
  • Length: 19:04
Show
View Real Time Build Order
Export as new Build Order

Oliveira Terran 

Build Orders:  

Get SALT Encoding   

  12  0:00  SCV  
  13  0:12  SCV  
  14  0:17  Supply Depot  
  14  0:24  SCV  
  15  0:29  Refinery  
  15  0:38  SCV  
  16  0:45  Barracks  
  16  0:51  SCV  
  17  0:57  Refinery  
  17  1:03  SCV  
  18  1:15  SCV  
  20  1:32  Reaper, Orbital Command  
  20  1:37  Factory  
  20  1:44  Supply Depot  
  20  1:59  SCV  
  21  2:05  Reaper  
  22  2:11  SCV  
  23  2:20  Command Center  
  23  2:25  Hellion  
  23  2:27  SCV  
  26  2:37  Supply Depot, Reaper  
  26  2:39  SCV  
  28  2:46  Hellion  
  30  2:52  SCV  
  30  2:56  Starport  
  31  3:04  SCV  
  32  3:08  Factory Tech Lab  
  32  3:10  Barracks Reactor  
  32  3:16  SCV  
  33  3:23  Refinery  
  33  3:28  Cyclone, SCV  
  33  3:33  Orbital Command  
  36  3:39  Medivac  
  38  3:46  SCV  
  38  3:47  Marine x2  
  36  3:58  SCV  
  36  4:00  Siege Tank  
  40  4:04  SCV  
  40  4:06  Marine x2  
  42  4:10  SCV  
  42  4:12  Starport Tech Lab  
  42  4:16  SCV  
  44  4:22  SCV  
  44  4:23  Marine  
  44  4:24  Supply Depot, Marine  
  46  4:28  SCV  
  46  4:30  Raven  
  50  4:34  SCV  
  51  4:40  SCV  
  51  4:41  Marine x2  
  54  4:45  Siege Tank  
  54  4:46  Supply Depot  
  56  4:56  SCV  
  56  4:59  Marine  
  57  5:02  SCV  
  57  5:08  SCV  
  56  5:17  SCV  
  56  5:20  Command Center  
  57  5:25  Raven  
  57  5:27  SCV  
  57  5:28  Marine  
  60  5:34  SCV  
  59  5:36  Siege Tank  
  59  5:39  SCV  
  59  5:41  Marine  
  64  5:46  Marine  
  64  5:48  SCV  
  62  5:52  SCV  
  62  5:54  Supply Depot, Refinery  
  62  6:01  SCV  
  62  6:05  SCV  
  64  6:13  Siege Tank  
  64  6:14  Barracks  
  64  6:15  Barracks, SCV  
  66  6:22  Marine  
  66  6:23  Stimpack  
  66  6:25  SCV  
  68  6:29  Viking  
  70  6:40  Viking  
  70  6:41  SCV x2  
  70  6:42  Orbital Command  
  70  6:47  Siege Tank  
  77  6:53  SCV  
  78  6:55  SCV  
  78  6:59  Orbital Command  
  78  7:01  Engineering Bay x2  
  79  7:03  Barracks Reactor x2  
  79  7:05  SCV, Marine  
  79  7:07  SCV  
  82  7:11  Viking  
  84  7:17  SCV  
  84  7:19  SCV  
  84  7:22  Siege Tank  
  89  7:23  Viking  
  89  7:27  SCV  
  89  7:29  SCV, Terran Infantry Armor Level 1, Terran Infantry Weapons Level 1  
  93  7:31  Supply Depot  
  93  7:40  Marine  
  93  7:42  SCV  
  93  7:44  SCV  
  93  7:47  Marine x2  
  93  7:49  Marine  
  93  7:51  Viking  
  93  7:52  SCV  
  93  7:54  SCV  
  93  7:55  Supply Depot, Marine  
  94  8:04  Marine  
  88  8:10  SCV  
  88  8:11  Marine  
  88  8:12  SCV  
  86  8:14  Viking, Siege Tank  
  86  8:15  SCV  
  86  8:16  Marine x2  
  86  8:18  Supply Depot  
  94  8:20  Marine  
  94  8:21  Supply Depot  
  94  8:22  SCV, Combat Shield  
  94  8:23  Medivac  
  94  8:24  SCV  
  99  8:29  Marine  
  99  8:30  SCV  
  101  8:38  Marine  
  101  8:40  Marine  
  100  8:44  Medivac  
  100  8:45  Marine  
  100  8:46  Siege Tank  
  100  8:47  SCV x3  
  101  8:54  Barracks x2  
  101  8:59  SCV, Medivac  
  101  9:00  SCV  
  101  9:01  SCV  
  106  9:03  Armory, Marine  
  106  9:04  Marine  
  106  9:05  Command Center  
  106  9:08  Refinery x2  
  108  9:10  Marine x2  
  108  9:12  SCV x2  
  108  9:15  SCV  
  113  9:22  Marine  
  114  9:25  Marine  
  114  9:27  Siege Tank  
  117  9:35  Marine  
  117  9:37  Marine  
  110  9:42  Marine  
  110  9:44  Barracks Reactor x2  
  109  9:50  Marine x2  
  109  9:51  SCV  
  110  9:53  Marine  
  110  9:55  Marine  
  110  9:57  Viking x2  
  110  9:58  SCV, Terran Infantry Armor Level 2  
  110  9:59  SCV, Siege Tank, Marine  
  121  10:02  Terran Infantry Weapons Level 2  
  121  10:03  Supply Depot, SCV  
  121  10:04  Supply Depot  
  123  10:08  Marine x2  
  123  10:10  Terran Vehicle Weapons Level 1  
  123  10:14  Supply Depot x2  
  125  10:17  SCV x2, Marine x3  
  130  10:25  Marine x2  
  130  10:26  Marine x2  
  130  10:27  SCV  
  135  10:28  Marine x2  
  135  10:34  Marine  
  136  10:37  Marine x2  
  136  10:42  Medivac x2  
  123  10:43  Marine x2  
  123  10:44  SCV, Marine x2  
  123  10:46  Marine, Planetary Fortress  
  123  10:48  SCV x2  
  131  10:50  Sensor Tower  
  131  10:52  Siege Tank, Marine  
  131  10:53  Factory  
  131  10:56  Marine x2  
  137  10:58  SCV  
  137  10:59  Missile Turret  
  137  11:00  SCV  
  137  11:01  Missile Turret  
  137  11:03  Barracks Reactor  
  139  11:06  Marine x2  
  139  11:07  Marine x2  
  139  11:08  SCV  
  139  11:10  SCV  
  145  11:12  Marine x2  
  145  11:13  Supply Depot  
  145  11:14  Missile Turret, Medivac x2  
  145  11:15  Marine  
  152  11:19  SCV  
  152  11:23  Marine  
  152  11:24  Marine  
  152  11:25  Siege Tank  
  158  11:29  Command Center  
  158  11:30  Marine  
  159  11:37  Marine  
  160  11:46  Marine  
  157  11:48  Marine x7  
  157  11:49  Siege Tank  
  157  11:52  Supply Depot  
  157  11:53  Supply Depot x2, Medivac x2  
  170  11:57  Refinery, Marine  
  171  12:01  Marine  
  171  12:04  Marine  
  172  12:09  Marine x3  
  172  12:14  Siege Tank, Marine x4  
  179  12:17  Refinery x2, Command Center  
  179  12:20  Marine  
  179  12:21  Marine  
  179  12:22  Marine  
  181  12:24  Siege Tank  
  181  12:27  Starport  
  181  12:28  Starport  
  181  12:29  Marine  
  186  12:30  Terran Infantry Weapons Level 3  
  186  12:31  Sensor Tower  
  186  12:33  Marine x2  
  186  12:37  Marine x2  
  167  12:51  Marine  
  167  12:52  Marine x3  
  167  12:53  Marine x2  
  167  12:54  Marine  
  167  12:56  Marine  
  170  12:59  Siege Tank  
  170  13:00  Siege Tank  
  170  13:03  Marine  
  177  13:08  Marine  
  177  13:09  Marine  
  177  13:10  Marine  
  177  13:12  Marine x2  
  167  13:14  Marine  
  167  13:16  Marine x2  
  163  13:21  Marine x2  
  163  13:25  Viking x2  
  163  13:26  Marine, Starport Tech Lab  
  150  13:27  Marine  
  150  13:28  Terran Infantry Armor Level 3, Marine  
  150  13:29  SCV x2  
  150  13:30  Command Center, Marine x2  
  150  13:31  Sensor Tower, Siege Tank  
  150  13:33  Marine  
  150  13:34  Marine  
  160  13:35  Sensor Tower  
  160  13:38  Siege Tank  
  160  13:40  Terran Vehicle Weapons Level 2  
  164  13:43  Marine x3  
  164  13:46  Corvid Reactor  
  167  13:48  Marine  
  167  13:49  Marine  
  167  13:53  Raven  
  167  13:54  Marine  
  172  13:56  Marine x2  
  172  13:58  Marine x2  
  172  14:00  Viking  
  172  14:01  Viking  
  180  14:09  Starport  
  180  14:10  Marine  
  180  14:13  Siege Tank  
  180  14:14  Marine  
  180  14:15  Marine  
  186  14:20  Supply Depot  
  186  14:21  Supply Depot, Marine x2  
  188  14:28  Marine  
  188  14:29  Marine  
  187  14:36  Marine  
  160  14:39  Marine x2  
  160  14:45  Viking, Raven  
  150  14:46  Siege Tank, Marine x3  
  150  14:47  Siege Tank  
  150  14:49  Marine  
  150  14:51  Starport Tech Lab  
  162  14:55  Marine  
  162  14:58  Refinery, Command Center  
  162  14:59  Viking, Marine x2  
  167  15:03  Marine  
  167  15:04  Refinery  
  168  15:15  Raven  
  168  15:16  Barracks Reactor  
  168  15:19  Missile Turret, Planetary Fortress  
  168  15:20  Sensor Tower  
  170  15:22  Missile Turret  
  170  15:24  Missile Turret, Marine  
  169  15:29  Marine x2  
  169  15:30  Marine  
  169  15:31  Raven, Siege Tank x2  
  169  15:32  Marine x3  
  180  15:38  Viking x2  
  180  15:39  Marine  
  180  15:42  Marine  
  184  15:48  Marine x2  
  137  16:04  Marine x2  
  137  16:05  Marine x2  
  137  16:07  Siege Tank  
  137  16:08  Raven  
  137  16:09  Siege Tank  
  137  16:10  Marine x2  
  149  16:12  Medivac x2, Marine  
  149  16:16  Terran Vehicle And Ship Armor Level 1  
  154  16:18  Marine x2  
  154  16:22  Raven  
  154  16:24  Marine x2  
  160  16:26  Command Center  
  160  16:27  Marine x2  
  162  16:34  Marine x2  
  164  16:40  Starport  
  164  16:41  Armory, Starport  
  164  16:42  Siege Tank  
  167  16:51  Siege Tank  
  167  16:53  Raven  
  172  16:54  Missile Turret  
  172  16:55  Viking x2  
  176  17:01  Marine x2  
  176  17:06  Marine x4  
  182  17:16  Raven  
  182  17:17  Marine x3  
  185  17:35  Viking  
  174  17:37  Viking  
  174  17:38  Starport Reactor  
  174  17:40  Starport Tech Lab  
  174  17:43  Raven  
  173  17:47  Planetary Fortress  
  169  17:57  Siege Tank x2  
  168  18:00  Raven x2  
  168  18:01  Marine  
  168  18:02  Marine x6  
  168  18:04  Marine x2  
  181  18:17  Viking x4  
  187  18:23  Refinery x2  
  187  18:32  Command Center  
  178  18:34  Marine x3  
  178  18:35  Marine  
  178  18:36  Marine  
Show
View Real Time Build Order
Export as new Build Order

Maru Terran - Winner!

Build Orders: Gas First Reaper Expand 

Get SALT Encoding   

  12  0:00  SCV  
  13  0:12  SCV  
  14  0:17  Supply Depot  
  14  0:24  SCV  
  15  0:29  Refinery  
  15  0:38  SCV  
  16  0:44  Barracks  
  16  0:50  SCV  
  17  1:03  SCV  
  18  1:15  SCV  
  19  1:31  Reaper, Orbital Command  
  20  1:43  Command Center  
  20  1:52  Factory  
  20  1:57  SCV  
  21  2:05  Supply Depot  
  21  2:09  Barracks Reactor, SCV  
  21  2:14  Refinery  
  22  2:21  SCV  
  23  2:33  SCV  
  24  2:42  Starport  
  24  2:45  SCV  
  24  2:49  Hellion x2  
  29  2:51  Barracks Tech Lab  
  29  2:57  SCV, Orbital Command  
  30  3:09  SCV  
  30  3:11  Hellion  
  35  3:12  Hellion  
  35  3:19  Supply Depot  
  35  3:21  SCV  
  35  3:22  SCV  
  37  3:28  Raven  
  37  3:33  SCV  
  40  3:34  SCV  
  40  3:37  Hellion  
  39  3:45  SCV  
  39  3:46  SCV  
  38  3:58  SCV x2  
  40  4:07  Refinery  
  39  4:10  SCV  
  39  4:11  SCV  
  39  4:14  Command Center  
  39  4:16  Medivac  
  43  4:22  SCV  
  43  4:23  SCV  
  45  4:30  Factory Tech Lab  
  45  4:31  Marine x2  
  46  4:34  SCV  
  46  4:35  SCV  
  49  4:45  Raven  
  49  4:46  SCV  
  49  4:47  SCV  
  49  4:49  Marine  
  54  4:54  Marine  
  54  4:58  SCV  
  52  5:00  Cyclone  
  52  5:02  SCV  
  54  5:14  Supply Depot  
  54  5:17  SCV x2  
  54  5:19  Marine x2  
  57  5:29  SCV x2  
  57  5:35  Siege Tank  
  62  5:41  SCV  
  63  5:45  SCV  
  58  5:52  Orbital Command  
  58  5:53  SCV  
  59  5:57  SCV  
  59  6:01  Marine  
  59  6:02  Raven, Marine  
  62  6:05  SCV  
  62  6:09  SCV  
  62  6:10  Siege Tank  
  67  6:14  Refinery  
  67  6:17  SCV  
  68  6:21  SCV  
  68  6:22  SCV  
  68  6:24  Supply Depot  
  70  6:29  SCV  
  70  6:30  Marine x2  
  73  6:33  SCV  
  73  6:34  SCV  
  68  6:41  SCV  
  68  6:45  SCV  
  68  6:46  SCV  
  71  6:47  Siege Tank  
  71  6:53  SCV  
  59  6:54  Orbital Command  
  75  6:57  SCV  
  76  7:03  Barracks  
  76  7:04  Barracks, Viking x2  
  80  7:09  Marine  
  80  7:12  Stimpack  
  80  7:13  SCV  
  82  7:17  Engineering Bay  
  82  7:18  SCV  
  82  7:19  Engineering Bay  
  82  7:22  Siege Tank  
  86  7:23  SCV  
  86  7:26  Supply Depot  
  87  7:30  SCV  
  87  7:33  Marine  
  89  7:39  Viking x2  
  89  7:42  SCV  
  91  7:44  SCV x2  
  92  7:54  Barracks Reactor x2, SCV  
  92  7:56  SCV x2  
  95  8:02  Siege Tank  
  96  8:06  SCV, Marine  
  96  8:08  SCV x2  
  96  8:10  Viking x2  
  91  8:14  Terran Infantry Weapons Level 1  
  91  8:18  SCV  
  92  8:20  SCV x2  
  92  8:21  Command Center  
  92  8:24  Refinery  
  92  8:25  Refinery  
  94  8:29  Supply Depot, Marine  
  94  8:30  SCV, Marine  
  94  8:32  SCV  
  94  8:33  SCV  
  99  8:34  Terran Infantry Armor Level 1  
  97  8:42  SCV  
  97  8:45  Viking, Marine  
  97  8:46  SCV  
  101  8:50  SCV  
  101  8:51  Barracks  
  101  8:52  Barracks  
  102  8:57  SCV, Sensor Tower  
  102  8:58  Supply Depot, SCV  
  102  9:02  SCV  
  105  9:07  Combat Shield  
  105  9:08  Missile Turret, Marine x2  
  107  9:10  SCV  
  107  9:16  Supply Depot  
  108  9:17  Supply Depot  
  108  9:19  Siege Tank  
  108  9:22  Medivac  
  113  9:26  Supply Depot  
  113  9:28  Medivac  
  113  9:30  Marine  
  114  9:35  Marine x2  
  114  9:38  SCV  
  107  9:39  Marine  
  107  9:40  Barracks Reactor  
  107  9:42  Barracks Reactor, SCV  
  107  9:43  SCV  
  108  9:49  Marine x2  
  108  9:50  SCV  
  104  9:53  Siege Tank, Marine x2  
  104  9:58  Marine  
  104  9:59  Medivac  
  111  10:02  Medivac  
  111  10:04  Orbital Command  
  111  10:07  Marine x2  
  113  10:11  Marine x2  
  117  10:16  Marine  
  117  10:17  Marine x2  
  120  10:21  Marine x2  
  120  10:24  Supply Depot, Marine  
  120  10:25  Siege Tank, Marine  
  127  10:29  Marine x2  
  127  10:33  Marine  
  126  10:41  Marine  
  126  10:42  Marine  
  125  10:43  Marine x2  
  125  10:44  Orbital Command  
  125  10:45  Marine x2  
  125  10:46  Marine  
  125  10:47  Armory, Medivac x2  
  125  10:48  SCV x2  
  137  10:52  Refinery  
  137  10:53  Refinery  
  137  10:57  Planetary Fortress  
  137  11:00  SCV x2  
  137  11:03  Supply Depot x2  
  139  11:06  Marine x4  
  139  11:07  Refinery  
  139  11:09  Refinery  
  139  11:10  SCV  
  144  11:12  SCV x2  
  144  11:16  Marine x2  
  144  11:17  Siege Tank  
  151  11:23  SCV  
  151  11:24  SCV  
  153  11:26  SCV  
  154  11:33  Barracks Reactor, Marine  
  154  11:34  Marine x4  
  154  11:35  SCV  
  154  11:36  SCV  
  154  11:38  SCV x2  
  163  11:42  Marine x2  
  163  11:43  Marine  
  160  11:49  Terran Infantry Armor Level 2, Terran Infantry Weapons Level 2  
  160  11:50  Terran Vehicle Weapons Level 1  
  160  11:53  Siege Tank  
  163  11:54  Sensor Tower  
  163  11:59  Marine  
  163  12:00  Marine  
  165  12:01  Factory  
  165  12:08  Marine  
  165  12:11  Viking x2  
  162  12:20  Command Center  
  162  12:23  Marine  
  162  12:24  Sensor Tower  
  163  12:31  Missile Turret  
  163  12:32  Missile Turret x3  
  163  12:34  Starport  
  163  12:35  Starport  
  163  12:41  Viking x2  
  167  12:45  Marine x2  
  158  13:01  Marine  
  158  13:02  Siege Tank  
  158  13:03  Siege Tank, Marine  
  158  13:04  Orbital Command  
  170  13:14  Marine x6  
  170  13:19  SCV  
  169  13:25  SCV  
  159  13:31  Medivac x2, Sensor Tower, Starport Tech Lab x2  
  159  13:33  SCV x2  
  159  13:34  SCV  
  160  13:37  SCV  
  161  13:43  Siege Tank x2  
  161  13:45  SCV  
  161  13:46  SCV x2  
  170  13:49  SCV  
  170  13:53  Raven x2  
  175  13:57  Corvid Reactor  
  175  13:58  SCV x3  
  175  14:01  Viking x2, SCV  
  183  14:07  Supply Depot  
  183  14:10  SCV  
  184  14:23  Command Center  
  178  14:35  Raven  
  178  14:36  Raven  
  153  14:43  Viking  
  153  14:44  Viking, Marine  
  153  14:45  Marine x6  
  152  14:48  Planetary Fortress  
  150  14:53  Missile Turret  
  150  14:54  Refinery  
  150  14:55  Refinery, Missile Turret  
  150  15:01  Terran Vehicle Weapons Level 2  
  150  15:02  Missile Turret, Sensor Tower, Marine  
  150  15:03  Marine x4  
  155  15:12  Command Center x2  
  155  15:18  Raven x2  
  155  15:19  Terran Infantry Weapons Level 3, Marine x5  
  155  15:20  Marine  
  165  15:33  Terran Infantry Armor Level 3  
  165  15:34  Armory  
  165  15:35  Marine  
  166  15:37  Siege Tank  
  166  15:39  Siege Tank  
  166  15:41  Command Center  
  172  15:55  Starport  
  172  15:56  Starport  
  141  16:07  Raven x2  
  141  16:08  Viking  
  141  16:10  Marine x9  
  148  16:16  Liberator  
  151  16:23  Planetary Fortress  
  151  16:24  Marine  
  151  16:28  Marine x3  
  151  16:29  Siege Tank  
  157  16:33  Siege Tank, Marine x4  
  164  16:40  Terran Vehicle And Ship Armor Level 1, Orbital Command  
  164  16:41  Orbital Command  
  164  16:47  Refinery  
  164  16:48  Refinery  
  164  16:50  Starport Tech Lab  
  164  17:00  Marine  
  165  17:01  Siege Tank  
  165  17:05  Siege Tank  
  165  17:06  Sensor Tower  
  171  17:08  Marine  
  171  17:09  Marine x5  
  177  17:28  Marine  
  176  17:33  Siege Tank  
  176  17:35  Liberator  
  170  17:37  Siege Tank  
  170  17:39  Marine x7  
  180  17:47  Marine x2  
  180  17:49  Refinery  
  182  17:54  Marine  
  182  17:58  Marine x2  
  183  18:00  Orbital Command  
  183  18:01  Command Center  
  183  18:04  Raven x2  
  183  18:05  Marine  
  190  18:06  Siege Tank  
  190  18:09  Marine x2  
  190  18:12  Command Center  
  195  18:18  Siege Tank  
  192  18:34  Viking  
  192  18:35  Marine  
Tags
 
Add a new tag
Caveats
  • Supply blocks, unpowered buildings, or Contaminate may cause inaccurate times.
  • Supply counts are checked every 10 seconds.